 Dungeon Crawl Stone Soup version 0.20.0-15-g7f486f2 (webtiles) character file.

53 esteth the Digger (level 3, -2/19 HPs)
             Began as a Gargoyle Earth Elementalist on June 14, 2017.
             Slain by an orc priest
             ... wielding a +0 mace
              (4 damage)
             ... on level 3 of the Dungeon.
             The game lasted 00:04:00 (2812 turns).

esteth the Digger (Gargoyle Earth Elementalist)     Turns: 2812, Time: 00:04:02

Health: -2/19      AC:  5    Str: 11    XL:     3   Next: 89%
Magic:  6/6        EV: 12    Int: 16    God:
Gold:   75         SH:  0    Dex: 10    Spells: 5/6 levels left

rFire    . . .     SeeInvis .   q - +0 club
rCold    . . .     Gourm    .   (no shield)
rNeg     + . .     Faith    .   c - +0 robe
rPois    ∞         Spirit   .   (no helmet)
rElec    +         Reflect  .   (no cloak)
rCorr    .         Harm     .   (no gloves)
MR       .....                  (no boots)
Stlth    ++........             (no amulet)
Regen    0.1/turn               (no ring)
MPRegen  0.1/turn               (no ring)

@: no status effects
A: negative energy resistance 1, electricity resistance, unbreathing,
petrification resistance, rot immunity, AC +3
a: no special abilities


You were on level 3 of the Dungeon.
You were not hungry.

You visited 1 branch of the dungeon, and saw 3 of its levels.

You collected 75 gold pieces.

Inventory:

Hand Weapons
 p - a +0 short sword
 q - a +0 club (weapon)
Missiles
 b - 40 stones (quivered)
Armour
 c - a +0 robe (worn)
Jewellery
 f - an uncursed ring of fire
Scrolls
 a - a scroll of fear
 g - a scroll of blinking {unknown}
 j - 2 scrolls of amnesia {unknown}
 k - 2 scrolls of teleportation {unknown}
 l - 2 scrolls of recharging {unknown}
 o - a scroll of magic mapping {unknown}
Potions
 h - 2 potions of lignification {unknown}
 i - 3 potions of heal wounds {unknown}
 s - a potion of haste {unknown}
Books
 e - a book of Geomancy

   Spells                             Type                      Level
   a - Sandblast                      Earth                        1
   b - Passwall                       Transmutation/Earth          2
   c - Stone Arrow                    Conjuration/Earth            3
   d - Petrify                        Transmutation/Earth          4
   e - Lee's Rapid Deconstruction     Earth                        5
Comestibles
 d - 4 bread rations
 m - a royal jelly
 n - 2 meat rations
 r - a chunk of flesh
 t - a fruit


   Skills:
 - Level 1.8 Dodging
 - Level 2.8 Stealth
 - Level 2.2 Spellcasting
   Level 0.7 Transmutations
 + Level 4.9 Earth Magic


You had 5 spell levels left.
You knew the following spells:

 Your Spells              Type           Power        Failure   Level  Hunger
a - Sandblast             Erth           ###...       2%          1    #......


Dungeon Overview and Level Annotations

Branches:
Dungeon (3/15)

Altars:


Innate Abilities, Weirdness & Mutations

You are resistant to torment.
Your stone body is resilient. (AC +3)
You are immune to poison.
You resist negative energy. (rN+)
You are resistant to electric shocks. (rElec)
You can survive without breathing.
You are immune to petrification.
You are immune to rotting.


Message History

An orc comes into view. It is wielding a flail.
You completely miss the orc.
The orc is severely wounded.
The orc hits you but does no damage.
You barely miss the orc.
The orc is severely wounded.
The orc closely misses you.
You closely miss the orc.
The orc is severely wounded.
The orc closely misses you.
You hit the orc.
You kill the orc!
You hit the orc priest.
The orc priest is lightly wounded.
The orc priest invokes the aid of Beogh against you.
Beogh smites you!
Ouch! That really hurt!
* * * LOW HITPOINT WARNING * * *
The orc priest hits you with a mace.
You die...

###...........##..#...
#..#######..#...#####
#####..##### #..#.#.....###.#
#..........###..#.#####.....#
#.########.#....#.......##
#.#.##.#######.# #.#....# #.#
#.######### #.# #....@oo..#
#.# #########.####.######
#...........# #...........#
#...>.......#
#####...........# #
...#...........#
#.#####.#...........#
#.........).....#####


You could see an orc priest and an orc.

Vanquished Creatures
  An adder (D:2)
  An ooze (D:2)
  A worm (D:2)
  A leopard gecko (D:1)
  3 orcs (D:3)
  3 ball pythons
  A giant cockroach (D:3)
  A goblin (D:1)
  5 hobgoblins
  5 bats
  3 frilled lizards
  4 kobolds
  5 rats
34 creatures vanquished.

Notes
Turn   | Place    | Note
-------+----------+-------------------------------------------
     0 | D:1      | esteth the Gargoyle Earth Elementalist began the quest for the Orb.
     0 | D:1      | Reached XP level 1. HP: 10/10 MP: 3/3
   483 | D:1      | Reached XP level 2. HP: 12/15 MP: 5/5
  1377 | D:2      | Reached skill level 4 in Earth Magic
  1408 | D:2      | Reached XP level 3. HP: 15/19 MP: 4/6
  2812 | D:3      | Slain by an orc priest

Skill      XL: |  1  2 |
---------------+-------+-----
Earth Magic    | 4 |  4.9
Dodging        | |  1.8
Stealth        | |  2.8
Spellcasting   | |  2.2
Transmutations | |  0.7

Action                   || total
-------------------------++-------
Melee: Unarmed           ||    76
       Club              ||   108
 Cast: Sandblast         ||    11
  Use: Scroll            ||     3
 Stab: Sleeping          ||     3
  Eat: Chunk             ||     6
Armor: Robe              ||    72
Dodge: Dodged            ||   148
